 Dungeon Sprint DCSS version 0.23.2-30-g0e89c35649 (webtiles) character file.

Game seed: 13520136010740669008

2114 HASTUR3 the Grappler (level 9, -33/73 HPs)
             Began as a Demonspawn Chaos Knight on June 17, 2019.
             Was a Plaything of Xom.
             Killed from afar by an orc sorcerer (38 damage)
             ... with a bolt of fire
             ... in the Dungeon (Sprint III: "The Ten Rune Challenge").
             The game lasted 00:11:51 (1180 turns).

HASTUR3 the Grappler (Demonspawn Chaos Knight)      Turns: 1180, Time: 00:11:51

Health: -33/73     AC: 15    Str: 15 (16) XL:     9   Next: 8%
Magic:  14/14      EV: 15    Int: 13      God:    Xom [....*.]
Gold:   45         SH:  0    Dex: 13      Spells: 8/8 levels left

rFire    . . .     SeeInvis .     - Unarmed
rCold    + . .     Gourm    .   (no shield)
rNeg     . . .     Faith    .   a - +2 leather armour
rPois    +         Spirit   .   (helmet restricted)
rElec    .         Reflect  .   o - +0 cloak {+Inv}
rCorr    .         Harm     .   (no gloves)
MR       +....     NoTele   +   (no boots)
Stlth    +.........             (no amulet)
HPRegen  0.22/turn              (no ring)
MPRegen  0.14/turn              (no ring)

@: sanguine armour, berserk cooldown, flying, contaminated, hasted and slowed,
glowing
A: beak, horns 1, cold resistance 1, low mp 1, magic resistance 1, poison
resistance, powered by death 1, freezing cloud immunity, sanguine armour 2
a: Renounce Religion, Evoke Invisibility


You were in the Dungeon.
You worshipped Xom.
You were a beloved toy of Xom.
You were hungry.

You visited 1 branch You collected 45 gold pieces.

Inventory:

Armour
 a - a +2 leather armour (worn)
 o - a +0 cloak of invisibility (worn)
Scrolls
 c - a scroll of torment
 d - a scroll of identify
 k - 2 scrolls of remove curse
 m - a scroll of amnesia {unknown}
Potions
 f - 3 potions of magic
 j - a potion of degeneration
Miscellaneous
 p - a phial of floods
Comestibles
 b - 4 rations
 i - 12 chunks of flesh


   Skills:
 + Level 7.7 Fighting
 - Level 1.7 Armour
 + Level 6.4 Dodging
 - Level 13.7 Unarmed Combat
 - Level 9.7 Evocations


You had 8 spell levels left.
You didn't know any spells.
Your spell library contained the following spells:

 Spells                   Type           Power        Failure   Level  Hunger
 Confusing Touch          Hex            #.....       36%         1    ##.....
 Magic Dart               Conj           #...         36%         1    ##.....
 Blink                    Tloc           N/A          50%         2    ###....
 Call Imp                 Summ           #.......     50%         2    ###....
 Slow                     Hex            #.......     50%         2    ###....
 Confuse                  Hex            #.......     75%         3    ####...
 Conjure Flame            Conj/Fire      #.......     75%         3    ####...
 Gell's Gravitas          Tloc           #.........   75%         3    ####...
 Mephitic Cloud           Conj/Pois/Air  #.......     75%         3    ####...
 Petrify                  Tmut/Erth      #.......     98%         4    #####..
 Metabolic Englaciation   Hex/Ice        #.........   100%        5    ######.
 Yara's Violent Unravell  Hex/Tmut       #.........   100%        5    ######.


Dungeon Overview and Level Annotations

Branches:
Dungeon (1/1)

Altars:
Cheibriados
Dithmenos
Elyvilon
Fedhas
Gozag
Hepliaklqana
Kikubaaqudgha
Makhleb
Nemelex Xobeh
Okawaru
Qazlal
Ru
Sif Muna
Trog
Uskayaw
Vehumet
Wu Jian
Xom
Yredelemnul
Zin
The Shining One
Beogh
Jiyva
Lugonu

Annotations:
D Erolcha


Innate Abilities, Weirdness & Mutations

Your flesh is cold resistant. (rC+)
You regenerate a little health from kills.
You are immune to freezing clouds.
When seriously injured, your bleeding wounds create thick armour. (AC +9)
You have a beak for a mouth.
You have a pair of small horns on your head.
Your magical capacity is low. (-10% MP)
You are resistant to hostile enchantments. (MR+)
Your system is resistant to poisons. (rPois)


Message History

Okay, then.
Okay, then.
As you read the scroll labeled QOYSEN VUSUTE, it crumbles to dust.
It is a scroll of identify.
c - a scroll of torment The orc sorcerer hits your crimson imp with a +0 dagger.
Your crimson imp barely misses the orc sorcerer.
Okay, then.
As you read the scroll labeled XERYCU KAOCWI, it crumbles to dust.
You speak a Word of immense power!
You are blasted by holy energy!
* * * LOW HITPOINT WARNING * * *
Your crimson imp convulses!
You kill your crimson imp!
It was a scroll of holy word.
You flicker back into view.
The orc sorcerer points at you and mumbles some strange words.
The bolt of fire hits you!!!
Ouch! That really hurt!
You die...
Xom titters!

'#)###'##.. ........#oo
........#$##
.######'#$$#
.#__#...#o##############
.#__#.).#.)o.#.#.#.O...#
##__#...##.#.(#o##)###O#
.#__#.).'##.#)#)##O#..##
_#__'...#.).#.)#@o##.O
▓▓▓▓▓▓▓▓▓▓▓▓▓▓▓▓▓▓▓▓▓▓


You could see an orc knight, Erolcha and an orc sorcerer.

Vanquished Creatures
  A deep elf mage (D)
  An orc sorcerer (D)
  A shadow (D)
  A spatial vortex (D)
  A necrophage (D)
  4 two-headed ogres (D)
  A water elemental (D)
  A wizard (D)
  A jelly (D)
  2 orc wizards (D)
  Crazy Yiuf (D)
  Jessica (D)
  A necromancer (D)
  2 humans (D)
  2 oozes (D)
  5 orcs (D)
  A rat (D)
27 creatures vanquished.

Vanquished Creatures (collateral kills)
  A human (D)
1 creature vanquished.

Vanquished Creatures (others)
  2 draconian scorchers (D)
  3 yaktaurs (D)
  6 hellions (D)
  A kobold demonologist (D)
  An orc (D)
  2 plants (D)
15 creatures vanquished.

Grand Total: 43 creatures vanquished

Notes
Turn   | Place    | Note
-------+----------+-------------------------------------------
     0 | D        | HASTUR3 the Demonspawn Chaos Knight began the quest for the
                  | Orb.
     0 | D        | Reached XP level 1. HP: 18/18 MP: 1/1
    13 | D        | Reached skill level 4 in Unarmed Combat
    19 | D        | Gained mutation: When seriously injured, your bleeding
                  | wounds create armour. (AC +9) [demonic ancestry]
    19 | D        | Reached XP level 2. HP: 24/24 MP: 2/2
    42 | D        | Noticed Jessica
    57 | D        | Killed Jessica
    57 | D        | Reached skill level 6 in Unarmed Combat
    57 | D        | Gained mutation: When seriously injured, your bleeding
                  | wounds create thick armour. (AC +9) [demonic ancestry]
    57 | D        | Reached XP level 3. HP: 18/29 MP: 3/3
    67 | D        | Noticed Crazy Yiuf
    81 | D        | XOM: potion effect (invisibility)
    82 | D        | Reached skill level 7 in Unarmed Combat
    92 | D        | Killed Crazy Yiuf
    92 | D        | Reached skill level 8 in Unarmed Combat
    92 | D        | Reached XP level 4. HP: 15/35 MP: 4/4
   128 | D        | Gained mutation: You evolve. [potion of mutation]
   128 | D        | Gained mutation: You have large cloven feet. [potion of
                  | mutation]
   128 | D        | Gained mutation: You have supernaturally acute eyesight.
                  | (SInv) [potion of mutation]
   129 | D        | Lost mutation: You have large cloven feet. [potion of
                  | mutation]
   129 | D        | Lost mutation: You have supernaturally acute eyesight.
                  | (SInv) [potion of mutation]
   129 | D        | Lost mutation: You evolve. [potion of mutation]
   129 | D        | Gained mutation: You are robust. (+10% HP) [potion of
                  | mutation]
   129 | D        | Gained mutation: Your spells are a little harder to cast,
                  | but a little more powerful. [potion of mutation]
   129 | D        | Gained mutation: You have sharp toenails. [potion of
                  | mutation]
   130 | D        | Lost mutation: You have sharp toenails. [potion of
                  | mutation]
   130 | D        | Lost mutation: You are robust. (+10% HP) [potion of
                  | mutation]
   130 | D        | Lost mutation: Your spells are a little harder to cast, but
                  | a little more powerful. [potion of mutation]
   130 | D        | Gained mutation: Your spells are a little easier to cast,
                  | but a little less powerful. [potion of mutation]
   130 | D        | Gained mutation: You possess an exceptional clarity of
                  | mind. [potion of mutation]
   130 | D        | Gained mutation: Your flesh is cold resistant. (rC+)
                  | [potion of mutation]
   131 | D        | Lost mutation: Your spells are a little easier to cast, but
                  | a little less powerful. [potion of mutation]
   131 | D        | Lost mutation: Your flesh is cold resistant. (rC+) [potion
                  | of mutation]
   131 | D        | Gained mutation: You have a pair of small horns on your
                  | head. [potion of mutation]
   131 | D        | Gained mutation: Your spells are a little easier to cast,
                  | but a little less powerful. [potion of mutation]
   131 | D        | Gained mutation: You have sharp toenails. [potion of
                  | mutation]
   132 | D        | Lost mutation: You have sharp toenails. [potion of
                  | mutation]
   132 | D        | Lost mutation: Your spells are a little easier to cast, but
                  | a little less powerful. [potion of mutation]
   132 | D        | Gained mutation: Your system is resistant to poisons.
                  | (rPois) [potion of mutation]
   132 | D        | Gained mutation: You are agile. (Dex +2) [potion of
                  | mutation]
   133 | D        | Lost mutation: You are agile. (Dex +2) [potion of mutation]
   133 | D        | Lost mutation: You possess an exceptional clarity of mind.
                  | [potion of mutation]
   133 | D        | Gained mutation: You have a beak for a mouth. [potion of
                  | mutation]
   133 | D        | Gained mutation: You are resistant to hostile enchantments.
                  | (MR+) [potion of mutation]
   152 | D        | Killed a hellion
   153 | D        | Killed a hellion
   155 | D        | Noticed a water elemental
   161 | D        | Killed a hellion
   162 | D        | Killed a white draconian scorcher
   169 | D        | Killed a water elemental
   169 | D        | Reached skill level 9 in Unarmed Combat
   169 | D        | Reached XP level 5. HP: 7/41 MP: 5/5
   192 | D        | Killed a white draconian scorcher
   211 | D        | Killed a yaktaur
   214 | D        | Killed a hellion
   217 | D        | Killed a hellion
   221 | D        | XOM: harmless Fire miscast
   238 | D        | Killed a hellion
   274 | D        | Killed a yaktaur
   429 | D        | Found a glowing silver altar of Zin.
   429 | D        | Found a glowing golden altar of the Shining One.
   429 | D        | Found a white marble altar of Elyvilon.
   430 | D        | Noticed a deep elf mage
   445 | D        | Killed a yaktaur
   507 | D        | XOM: confuse monster(s)
   519 | D        | Killed a deep elf mage
   519 | D        | Reached skill level 13 in Unarmed Combat
   519 | D        | Gained mutation: Your flesh is cold resistant. (rC+)
                  | [demonic ancestry]
   519 | D        | Reached XP level 6. HP: 20/47 MP: 6/6
   519 | D        | Reached XP level 7. HP: 22/52 MP: 7/7
   692 | D        | Found a radiant altar of Vehumet.
   692 | D        | Found a deep blue altar of Sif Muna.
   692 | D        | Found an ancient bone altar of Kikubaaqudgha.
   722 | D        | Found a hide-covered altar of Uskayaw.
   722 | D        | Found a roughly hewn altar of Beogh.
   722 | D        | Found an iron altar of Okawaru.
   722 | D        | Found a bloodstained altar of Trog.
   722 | D        | Found an ornate altar of the Wu Jian Council.
   722 | D        | Noticed a human
   723 | D        | Noticed a human
   725 | D        | XOM: summons 3 friendly demons
   732 | D        | Killed a human
   737 | D        | XOM: cast spell 'Statue Form'
   740 | D        | Killed a human
   747 | D        | Found a basalt altar of Yredelemnul.
   747 | D        | Found a shadowy altar of Dithmenos.
   747 | D        | Found a sacrificial altar of Ru.
   765 | D        | Noticed a shadow
   769 | D        | Killed a shadow
   769 | D        | Gained mutation: You are immune to freezing clouds.
                  | [demonic ancestry]
   769 | D        | Reached XP level 8. HP: 40/58 MP: 12/14
   789 | D        | Found a blossoming altar of Fedhas.
   789 | D        | Found a stormy altar of Qazlal.
   789 | D        | Found a snail-covered altar of Cheibriados.
   789 | D        | Found a burning altar of Makhleb.
   789 | D        | Found a shimmering altar of Xom.
   797 | D        | Found a hazy altar of Hepliaklqana.
   797 | D        | Found an opulent altar of Gozag.
   797 | D        | Found a sparkling altar of Nemelex Xobeh.
   797 | D        | Found a corrupted altar of Lugonu.
   797 | D        | Found a viscous altar of Jiyva.
  1085 | D        | Noticed a two-headed ogre
  1094 | D        | XOM: mild Necr miscast
  1095 | D        | XOM: butterfly on damage
  1102 | D        | Killed a two-headed ogre
  1132 | D        | Noticed an orc sorcerer
  1143 | D        | Reached skill level 5 in Dodging
  1149 | D        | Killed an orc sorcerer
  1149 | D        | Gained mutation: You regenerate a little health from kills.
                  | [demonic ancestry]
  1149 | D        | Reached XP level 9. HP: 10/73 MP: 16/16
  1157 | D        | Gained mutation: Your magical capacity is low. (-10% MP)
                  | [mutagenic glow]
  1158 | D        | Noticed an orc knight
  1171 | D        | Noticed a two-headed ogre
  1171 | D        | Noticed Erolcha
  1176 | D        | XOM: divine lightning
  1177 | D        | XOM: summons friendly crimson imp
  1178 | D        | Noticed an orc sorcerer
  1180 | D        | Killed from afar by an orc sorcerer

Skill      XL: |  1  2  3  4  5  6  7  8 |
---------------+-------------------------+-----
Unarmed Combat | 4 6 8 9 13 | 13.7
Evocations     | 8 9 |  9.7
Dodging        | 6 |  6.4
Fighting       | 7 |  7.7
Armour         | |  1.7

Action                   |  1- 3 |  4- 6 |  7- 9 || total
-------------------------+-------+-------+-------++-------
Melee: Unarmed           |    38 |    24 |    57 ||   119
       Peck              |       |     6 |     9 ||    15
       Headbutt          |       |     6 |    12 ||    18
       Punch             |       |     3 |     3 ||     6
 Abil: Evoke Invisibilit |       |       |     4 ||     4
  Use: Potion            |     1 |     7 |     4 ||    12
       Scroll            |       |       |     3 ||     3
 Stab: Invisible         |     1 |     2 |     4 ||     7
       Sleeping          |       |     1 |       ||     1
       Confused          |       |     2 |       ||     2
  Eat: Chunk             |       |       |     2 ||     2
Armor: Leather armour    |     8 |     1 |    11 ||    20
       Skin              |       |       |     3 ||     3
Dodge: Dodged            |    19 |     6 |    31 ||    56
